 Dungeon Crawl Stone Soup version 0.23.0-3-gf3c87f2 (webtiles) character file.

Game seed: 16450353882608178422

11249 Anon1729 the Cleaver (level 11, -6/111 HPs)
             Began as a Naga Gladiator on Feb 24, 2019.
             Was a Believer of Uskayaw.
             Mangled by a yak (12 damage)
             ... on level 11 of the Dungeon.
             The game lasted 00:36:55 (15986 turns).

Anon1729 the Cleaver (Naga Gladiator)              Turns: 15986, Time: 00:36:55

Health: -6/111     AC: 18    Str: 18    XL:     11   Next: 74%
Magic:  9/15       EV:  5    Int:  9    God:    Uskayaw [**....]
Gold:   697        SH:  0    Dex: 18    Spells: 10/10 levels left

rFire    . . .     SeeInvis +   P - +0 broad axe
rCold    + . .     Gourm    .   (no shield)
rNeg     . . .     Faith    +   V - +2 chain mail {rC+}
rPois    +         Spirit   .   c - +0 helmet
rElec    .         Reflect  .   N - +0 cloak (curse)
rCorr    .         Harm     .   b - +0 pair of gloves {archery}
MR       ++...                  n - +0 naga barding
Stlth    ..........             z - amulet of faith
HPRegen  0.28/turn              i - +4 ring of dexterity
MPRegen  0.14/turn              v - ring of protection from magic

@: drained, very slow
A: large, see invisible, deformed body, poison resistance, slowness 2, slow
metabolism 1, spit poison 1, AC +3
a: Spit Poison, Stomp, Line Pass, Renounce Religion


You were on level 11 of the Dungeon.
You worshipped Uskayaw.
Uskayaw was noncommittal.
You were hungry.

You visited 2 branches of the dungeon, and saw 13 of its levels.
You also visited: Gauntlet.

You collected 697 gold pieces.

Inventory:

Hand Weapons
 F - a +5 spear of freezing
 P - a +0 broad axe (weapon)
Missiles
 d - 6 throwing nets (quivered)
 X - 20 silver javelins
Armour
 b - a +0 pair of gloves of archery (worn)
 c - a +0 helmet (worn)
 n - a +0 naga barding (worn)
 w - a scarf of resistance
 y - a +2 scale mail of magic resistance
 N - a cursed +0 cloak (worn)
 V - a +2 chain mail of cold resistance (worn)
Magical Staves
 K - an uncursed staff of energy {unknown}
Jewellery
 i - a +4 ring of dexterity (left hand)
 v - a ring of protection from magic (right hand)
 x - an uncursed ring of resist corrosion
 z - an amulet of faith (around neck)
 D - an uncursed amulet of rage
 U - an uncursed ring of flight
Wands
 B - a wand of acid (23)
 H - a wand of flame (16)
 I - a wand of paralysis (10)
 L - a wand of scattershot (3)
 R - a wand of polymorph (5)
Scrolls
 a - a scroll of enchant armour {unknown}
 e - 10 scrolls of remove curse
 g - 8 scrolls of teleportation
 h - 4 scrolls of identify
 p - 3 scrolls of immolation
 s - 2 scrolls of magic mapping
 t - 3 scrolls of fear
 C - a scroll of blinking
 E - 5 scrolls of enchant weapon
 G - a scroll of amnesia {unknown}
 S - a scroll of random uselessness {unknown}
 W - a scroll of silence {unknown}
 Y - a scroll of brand weapon {unknown}
Potions
 j - 3 potions of curing
 k - 4 potions of agility
 l - a potion of heal wounds {unknown}
 m - 4 potions of resistance
 o - 2 potions of magic
 q - 2 potions of berserk rage
 r - 6 potions of ambrosia
 u - a potion of flight
 A - a potion of brilliance {unknown}
 J - 2 potions of haste
 M - a potion of mutation {unknown}
 O - a potion of cancellation {unknown}
 Q - a potion of degeneration {unknown}
 T - a potion of might {unknown}
Comestibles
 f - 18 rations


   Skills:
 * Level 11.2(10.4) Fighting
 * Level 11.4(10.6) Axes
 - Level 1.7(1.1) Throwing
 + Level 3.6(2.9) Armour
 + Level 4.5(3.8) Dodging
 * Level 6.5(5.8) Evocations


You had 10 spell levels left.
You didn't know any spells.
Your spell library was empty.

Dungeon Overview and Level Annotations

Branches:
Dungeon (12/15)            Temple (1/1) D:5             Orc (0/2) D:11
   Lair: D:8-11

Altars:
Ashenzari
Cheibriados
Dithmenos
Elyvilon
Fedhas
Gozag
Hepliaklqana
Kikubaaqudgha
Makhleb
Nemelex Xobeh
Okawaru
Qazlal
Ru
Sif Muna
Trog
Uskayaw
Vehumet
Wu Jian
Xom
Yredelemnul
Zin
The Shining One
Beogh

Annotations:
D:3 3 runed translucent doors, DavidChitty2's ghost, amateur HOFi


Innate Abilities, Weirdness & Mutations

You cannot wear boots.
Your serpentine skin is tough. (AC +3)
You have supernaturally acute eyesight. (SInv)
Armour fits poorly on your strangely shaped body.
Your system is resistant to poisons. (rPois)
You cover ground very slowly.
You have a slow metabolism.
You can spit poison.


Message History

Okay, then.
Evoke which item? (* to show all) (? for menu, Esc to quit)
Aiming: Scattershot
Press: ? - help, Shift-Dir - straight line, f - yak
Aim: a yak (severely wounded)
The burst of metal fragments hits the yak! x2
The burst of metal fragments hits the yak.
The burst of metal fragments hits the yak!
You kill the yak!
The burst of metal fragments hits the yak! x3
You kill the yak!
The yak gores you!
* * * LOW HITPOINT WARNING * * *
The yak barely misses you.
You can now pass through a line of other dancers.
The yak gores you but does no damage.
Things that are here:
a +0 giant spiked club; a +0 giant club The yak gores you!
You die...

.#....##...####...##
.#..........#....>.#
.#..........#......#
.#..........#......#
.#..........#......#
.#..........#......#
.'..........#..Y...#
.#........[.#...YY.#
.###..####.#####@### ##
#..####.####...###
#..........#.....#
#.........>#.....#
#..........#.....# #
#######...##.##+##
####....##...##'##.####+##
.........................#
.........................#


You could see 3 yaks.

Vanquished Creatures
  A minotaur (Gauntlet)
  Harold (D:7)
  2 two-headed ogres
  A queen ant (Gauntlet)
  An unseen horror (D:11)
  A moth of wrath (Gauntlet)
  An elephant (Gauntlet)
  A centaur skeleton (D:10)
  A troll (D:9)
  Prince Ribbit (D:7)
  Grinder (D:6)
  2 hippogriffs
  3 wyverns
  2 yaks (D:11)
  6 soldier ants (Gauntlet)
  Edmund (D:6)
  2 sky beasts
  A hornet zombie (D:10)
  A black bear (D:8)
  A necrophage (D:6)
  An orc warrior (D:10)
  3 phantoms
  3 ogres
  4 centaurs
  3 wolves (Gauntlet)
  4 bullfrogs
  A gnoll sergeant (D:7)
  A scorpion (D:11)
  A wyvern skeleton (D:6)
  5 wights
  An electric eel (D:9)
  9 howler monkeys
  A quasit (D:11)
  3 crimson imps
  5 hounds
  8 orc priests
  Crazy Yiuf (D:6)
  6 orc wizards
  3 bullfrog skeletons
  2 iguanas
  A hell rat (D:10)
  4 worker ants
  A hound zombie (D:8)
  A hound skeleton (D:6)
  A howler monkey zombie (D:11)
  11 gnolls
  14 adders
  4 shadow imps
  2 worms
  4 dart slugs
  2 leopard geckos
  38 orcs
  3 giant cockroaches
  8 goblins
  2 hobgoblins
  9 jackals
  5 quokkas
  2 ball pythons
  6 bats
  3 frilled lizards
  A jackal skeleton (D:4)
  7 kobolds
  A quokka skeleton (D:4)
  10 rats
236 creatures vanquished.

Vanquished Creatures (others)
  A plant (Gauntlet)
1 creature vanquished.

Grand Total: 237 creatures vanquished

Notes
Turn   | Place    | Note
-------+----------+-------------------------------------------
     0 | D:1      | Anon1729 the Naga Gladiator began the quest for the Orb.
     0 | D:1      | Reached XP level 1. HP: 19/19 MP: 1/1
   198 | D:1      | Reached XP level 2. HP: 27/27 MP: 2/2
   849 | D:2      | Reached XP level 3. HP: 32/33 MP: 3/3
   944 | D:2      | Found a faded altar of an unknown god.
  1137 | D:2      | Reached XP level 4. HP: 32/42 MP: 4/4
  1850 | D:3      | Found a runed translucent gate.
  1851 | D:3      | Found a runed translucent gate.
  1854 | D:3      | Noticed DavidChitty2's ghost (amateur HOFi)
  1855 | D:3      | Found a runed translucent gate.
  1876 | D:3      | Reached XP level 5. HP: 50/50 MP: 5/5
  2166 | D:3      | Found a glowing golden altar of the Shining One.
  2598 | D:3      | You fall through a shaft for 2 floors!
  2598 | D:5      | Entered Level 5 of the Dungeon
  2625 | D:4      | Noticed an ogre
  2633 | D:4      | Killed an ogre
  2633 | D:4      | Reached skill level 5 in Axes
  2633 | D:4      | Reached XP level 6. HP: 58/58 MP: 6/6
  3174 | D:4      | Reached skill level 5 in Fighting
  3916 | D:5      | Reached XP level 7. HP: 49/67 MP: 7/7
  4084 | D:5      | Found a staircase to the Ecumenical Temple.
  4361 | Temple   | Entered the Ecumenical Temple
  4591 | Temple   | Became a worshipper of Uskayaw the Reveler
  4817 | D:5      | Reached * piety under Uskayaw
  4980 | D:6      | Reached ** piety under Uskayaw
  5099 | D:6      | Reached *** piety under Uskayaw
  5100 | D:6      | Noticed Edmund
  5113 | D:6      | HP: 2/69 [wight/+5 spear of freezing (2)]
  5520 | D:6      | Found a runed translucent door.
  5521 | D:6      | Noticed Crazy Yiuf
  5569 | D:6      | Killed Edmund
  5750 | D:6      | Reached XP level 8. HP: 56/78 MP: 8/8
  5982 | D:6      | Noticed Grinder
  5990 | D:6      | Killed Grinder
  6694 | D:6      | Found a burning altar of Makhleb.
  6902 | D:6      | Killed Crazy Yiuf
  7348 | D:7      | Noticed Prince Ribbit
  7362 | D:7      | Killed Prince Ribbit
  7362 | D:7      | Reached XP level 9. HP: 88/88 MP: 9/9
  7955 | D:7      | Noticed Harold
  7975 | D:7      | Killed Harold
  8880 | D:8      | Reached **** piety under Uskayaw
  8890 | D:8      | Reached skill level 1 in Evocations
  8890 | D:8      | Reached ***** piety under Uskayaw
  8899 | D:8      | Reached ****** piety under Uskayaw
  9156 | D:8      | Reached skill level 1 in Armour
  9158 | D:8      | Reached XP level 10. HP: 74/100 MP: 11/11
  9173 | D:8      | Reached skill level 10 in Axes
  9527 | D:8      | Noticed a two-headed ogre
  9546 | D:8      | Killed a two-headed ogre
  9546 | D:8      | Reached skill level 10 in Fighting
 10436 | D:9      | Found a shadowy altar of Dithmenos.
 10733 | D:9      | Found a hazy altar of Hepliaklqana.
 10735 | D:9      | Found a sparkling altar of Nemelex Xobeh.
 10979 | D:10     | Entered Level 10 of the Dungeon
 12562 | D:11     | Found a gate leading to a gauntlet.
 12592 | Gauntlet | Entered a Gauntlet
 12592 | Gauntlet | Found a transporter.
 12594 | Gauntlet | Noticed a moth of wrath
 12604 | Gauntlet | Found a transporter.
 12607 | Gauntlet | Found a transporter.
 12610 | Gauntlet | Noticed a rust devil
 12615 | Gauntlet | Found a transporter.
 12618 | Gauntlet | Found a transporter.
 12620 | Gauntlet | Noticed a thrashing horror
 12629 | Gauntlet | Found a transporter.
 12645 | Gauntlet | Found a transporter.
 12654 | Gauntlet | Found a transporter.
 12657 | Gauntlet | Noticed a dire elephant
 12666 | Gauntlet | Found a transporter.
 12667 | Gauntlet | Noticed a fire crab
 12681 | Gauntlet | Found a transporter.
 12683 | Gauntlet | Noticed a queen ant
 12697 | Gauntlet | Found a transporter.
 12697 | Gauntlet | Found a transporter.
 12754 | Gauntlet | Killed a moth of wrath
 12754 | Gauntlet | Reached skill level 5 in Evocations
 12754 | Gauntlet | Reached XP level 11. HP: 51/110 MP: 9/14
 13020 | Gauntlet | Found a transporter.
 13041 | Gauntlet | Killed a queen ant
 13523 | Gauntlet | Found a transporter.
 13684 | Gauntlet | Noticed a minotaur
 13700 | Gauntlet | Killed a minotaur
 14048 | D:11     | Found a burning altar of Makhleb.
 14048 | D:11     | Noticed an unseen horror
 14060 | D:11     | Killed an unseen horror
 14159 | D:11     | Noticed a two-headed ogre
 14169 | D:11     | Killed a two-headed ogre
 14408 | D:11     | Noticed a death yak
 14409 | D:11     | Noticed a death yak
 14410 | D:11     | Noticed a death yak
 14429 | D:12     | Noticed a death knight
 14431 | D:12     | Noticed a death knight
 14445 | D:11     | Found a staircase to the Orcish Mines.
 14445 | D:11     | Found a roughly hewn altar of Beogh.
 15974 | D:12     | Noticed a cyclops
 15984 | D:11     | HP: 5/111 [yak (11)]
 15986 | D:11     | Mangled by a yak

Skill      XL: |  1  2  3  4  5  6  7  8  9 10 11 |
---------------+----------------------------------+-----
Fighting       | 3 4 5 6 8 9 10 11 | 11.2
Axes           | 4 5 6 8 9 10 11 | 11.4
Evocations     | 2 5 6 |  6.5
Armour         | 1 2 3 |  3.6
Dodging        | 3 4 |  4.5
Throwing       | |  1.7

Action                   |  1- 3 |  4- 6 |  7- 9 | 10-12 || total
-------------------------+-------+-------+-------+-------++-------
Melee: War axe           |    64 |   181 |   226 |     4 ||   475
       Spear             |       |       |     3 |    10 ||    13
       Broad axe         |       |       |       |   304 ||   304
Invok: Stomp             |       |       |     1 |     2 ||     3
       Line Pass         |       |       |       |     5 ||     5
 Abil: Spit Poison       |     3 |     5 |     5 |     8 ||    21
       Evoke Berserk Rag |       |       |     4 |     3 ||     7
       Evoke Flight      |       |       |       |     1 ||     1
Evoke: Wand              |       |       |       |    12 ||    12
  Use: Potion            |       |       |     3 |     4 ||     7
       Scroll            |       |       |     1 |    16 ||    17
 Stab: Sleeping          |     1 |     2 |     1 |       ||     4
       Paralysed         |       |       |    13 |    18 ||    31
       Confused          |       |       |       |     1 ||     1
  Eat: Chunk             |       |     8 |    15 |    11 ||    34
       Ration            |       |       |     1 |     3 ||     4
Armor: Leather armour    |    41 |    92 |   106 |    52 ||   291
       Chain mail        |       |       |       |   185 ||   185
Dodge: Dodged            |    56 |    76 |   130 |   134 ||   396
